 Dungeon Crawl Stone Soup version 0.23.1 (webtiles) character file.

Game seed: 6030090252977014093

217 Amplified the Bolt Thrower (level 5, -7/46 HPs)
             Began as a Minotaur Arcane Marksman on Mar 18, 2019.
             Mangled by Crazy Yiuf the porcupine (13 damage)
             ... on level 2 of the Dungeon.
             The game lasted 00:02:13 (1414 turns).

Amplified the Bolt Thrower (MiAM)                   Turns: 1414, Time: 00:02:13

Health: -7/46      AC:  3    Str: 16    XL:     5   Next: 61%
Magic:  5/5        EV: 18    Int: 10    God:
Gold:   72         SH:  0    Dex: 15    Spells: 5/6 levels left

rFire    . . .     SeeInvis .   a - +1 hand crossbow
rCold    . . .     Gourm    .   (no shield)
rNeg     . . .     Faith    .   e - +0 robe
rPois    .         Spirit   .   (helmet restricted)
rElec    .         Reflect  .   (no cloak)
rCorr    .         Harm     .   (no gloves)
MR       .....                  l - +0 pair of boots
Stlth    ++........             j - amulet of magic regeneration
HPRegen  0.15/turn              (no ring)
MPRegen  0.34/turn              (no ring)

@: agile
A: retaliatory headbutt, horns 2
a: no special abilities


You were on level 2 of the Dungeon.
You were not hungry.

You visited 1 branch of the dungeon, and saw 2 of its levels.

You collected 72 gold pieces.

Inventory:

Hand Weapons
 a - a +1 hand crossbow (weapon)
Missiles
 d - 5 bolts (quivered)
Armour
 e - a +0 robe (worn)
 l - a +0 pair of boots (worn)
Jewellery
 j - an amulet of magic regeneration (around neck)
Wands
 m - a wand of polymorph (5)
Scrolls
 c - 2 scrolls of magic mapping
 g - a scroll of teleportation
 h - a scroll of remove curse
 k - a scroll of enchant weapon
 p - a scroll of identify
Potions
 o - a potion of haste {unknown}
Comestibles
 f - 3 rations


   Skills:
 + Level 3.9 Fighting
 * Level 5.5 Crossbows
 - Level 2.1 Dodging
 - Level 1.0 Spellcasting
 - Level 2.0 Hexes


You had 5 spell levels left.
You knew the following spells:

 Your Spells              Type           Power        Failure   Level  Hunger
a - Corona                Hex            #......      16%         1    ##.....

Your spell library contained the following spells:

 Spells                   Type           Power        Failure   Level  Hunger
 Slow                     Hex            #.......     22%         2    ###....
 Inner Flame              Hex/Fire       #.......     56%         3    ####...
 Portal Projectile        Hex/Tloc       #.....       56%         3    ####...
 Cause Fear               Hex            #.........   83%         4    #####..
 Leda's Liquefaction      Hex/Erth       #.........   92%         4    #####..


Dungeon Overview and Level Annotations

Branches:
Dungeon (2/15)

Altars:
Elyvilon
Gozag
Yredelemnul

Annotations:
D:2 Crazy Yiuf


Innate Abilities, Weirdness & Mutations

You reflexively headbutt those who attack you in melee.
You have a pair of horns on your head.


Message History

You shoot a bolt. The bolt closely misses Crazy Yiuf.
Crazy Yiuf misses you.
Okay, then.
Crazy Yiuf bites you.
* * * LOW HITPOINT WARNING * * *
Unknown command.
It was a potion of curing.
You feel better. Crazy Yiuf misses you. Crazy Yiuf bites you.
* * * LOW HITPOINT WARNING * * *
Unknown command.
Okay, then.
As you read the scroll labeled WOXYGEL XEKACK, it crumbles to dust.
It is a scroll of enchant weapon.
Your +0 hand crossbow glows red for a moment.
Crazy Yiuf completely misses you.
As you read the scroll labeled GATWUV CITEZAU, it crumbles to dust.
The creatures around you are filled with an inner flame!
It was a scroll of immolation.
Crazy Yiuf completely misses you. Crazy Yiuf barely misses you.
Crazy Yiuf bites you!
You die...

#.#..♣#♣♣ ##########
#...♣#♣⌠.
########........#
#...#♣.._
#..............)#
#...#♣...
#...............#####
#...#♣...
####....###.....##..#
#...#♣... #....#
#.....##..# #...#♣♣..
♣....♣ #.....##..#
#...###♣♣ ♣♣.).♣
#...r@....####.....###
♣♣(♣♣
#.....##...#..........
♣♣.♣
#.....##...#.#........
♣.♣♣
########.....#.#####..
♣♣.♣ #..>........#
##### ♣.♣♣
#..........## #..##
#(# #..........# #...#
... ####>.........#
#.#.. #...#
#.##..........## #.#..


You could see Crazy Yiuf the porcupine (inner flame).

Vanquished Creatures
  Sigmund (D:2)
  Terence (D:2)
  2 oozes (D:2)
  A worm (D:2)
  4 bats
  2 goblins (D:2)
  3 hobgoblins
  6 jackals (D:2)
  2 ball pythons
  5 frilled lizards
  2 kobolds
  5 rats
34 creatures vanquished.

Notes
Turn   | Place    | Note
-------+----------+-------------------------------------------
     0 | D:1      | Amplified the Minotaur Arcane Marksman began the quest for
                  | the Orb.
     0 | D:1      | Reached XP level 1. HP: 16/16 MP: 1/1
   392 | D:1      | Reached XP level 2. HP: 13/24 MP: 2/2
   805 | D:2      | Reached skill level 3 in Crossbows
   836 | D:2      | Noticed Sigmund
   841 | D:2      | Killed Sigmund
   841 | D:2      | Reached skill level 5 in Crossbows
   841 | D:2      | Reached XP level 3. HP: 31/31 MP: 3/3
   841 | D:2      | Reached XP level 4. HP: 39/39 MP: 4/4
   841 | D:2      | Reached XP level 5. HP: 45/45 MP: 5/5
   891 | D:2      | Found a runed translucent door.
   892 | D:2      | Noticed Crazy Yiuf
   930 | D:2      | Noticed Terence
   934 | D:2      | Killed Terence
   937 | D:2      | Found a basalt altar of Yredelemnul.
  1064 | D:2      | Found an opulent altar of Gozag.
  1297 | D:2      | Found a white marble altar of Elyvilon.
  1400 | D:2      | Noticed Crazy Yiuf
  1400 | D:2      | Crazy Yiuf changed into Crazy Yiuf the porcupine
  1414 | D:2      | Mangled by Crazy Yiuf the porcupine

Skill      XL: |  1  2 |
---------------+-------+-----
Crossbows      | 5 |  5.5
Fighting       | 3 |  3.9
Dodging        | |  2.1
Spellcasting   | |  1.0
Hexes          | |  2.0

Action                   |  1- 3 |  4- 6 || total
-------------------------+-------+-------++-------
 Fire: Hand crossbow     |    49 |    37 ||    86
Evoke: Wand              |       |     2 ||     2
  Use: Potion            |     1 |     2 ||     3
       Scroll            |     1 |     5 ||     6
  Eat: Ration            |       |     1 ||     1
Armor: Robe              |     3 |       ||     3
Dodge: Dodged            |    19 |     8 ||    27
